Bruins vs Canucks

Created - November 14, 2016 at 17:18

Goals
1 2 3 OT1 T
Bruins 1 1 1 1 4
Canucks 1 1 1 0 3
Shots
1 2 3 OT1 T
Bruins 11 10 13 3 37
Canucks 10 8 9 1 28

1st period

1. Bruins , Greg Pateryn 1 (Patrice Bergeron, Andrew Ladd) at 4:41
2. Canucks , Reilly Smith 5 (Adam Henrique, Logan Couture) at 19:39

Penalties :
Evander Kane (VAN) for Fighting (Major) at 19:46, Andrew Ladd (BOS) for Fighting (Major) at 19:46

2nd period

3. Bruins , Andrew Ladd 6 (Brendan Gallagher, Shea Weber) at 9:32
4. Canucks , Matt Beleskey 2 (Brent Burns, Robby Fabbri) at 9:41

Penalties :
Jimmy Hayes (VAN) for Fighting (Major) at 2:15, Greg Pateryn (BOS) for Fighting (Major) at 2:15, Simon Despres (VAN) for Holding (Minor) at 8:02, Leon Draisaitl (BOS) for High sticking (Minor) at 8:17

3rd period

5. Bruins , Torey Krug 1 (Jake Muzzin, Carl Soderberg) at 6:46 (PP)
6. Canucks , Reilly Smith 6 (Logan Couture) at 10:30

Penalties :
Matt Beleskey (VAN) for Boarding (Double Minor) at 4:15, Alexander Burmistrov (VAN) for Roughing (Minor) at 7:32

Overtime #1

7. Bruins , Torey Krug 2 (Corey Perry, Shea Weber) at 4:04

Penalties :
No Penalty

Goalie Stats

Carey Price (BOS), 25 saves from 28 shots - (0.893), W, 8-5-0, 64:05 minutes
Henrik Lundqvist (VAN), 33 saves from 37 shots - (0.892), OTL, 6-7-4, 64:05 minutes

Players Stats for Bruins

Player Name              G  A  P  +/- PIM S  H  SB GA TA FO     MP     PP MP  PK MP  
------------------------------------------------------------------------------------
Anders Lee               0  0  0   0  0   1  2  0  0  0  0/0     7:56   0:00   0:00 
Andrew Ladd              1  1  2   2  5   4  5  0  0  0  1/3    18:57   2:35   0:00 
Brendan Gallagher        0  1  1  -1  0   2  0  0  0  0  2/2    21:01   2:10   0:00 
Carl Soderberg           0  1  1  -1  0   3  0  0  0  0  7/16   16:31   2:35   0:00 
Connor Brown             0  0  0   0  0   2  0  0  0  0  0/0     7:56   0:00   0:00 
Corey Perry              0  1  1   1  0   1  0  0  0  0  1/1    19:58   2:35   0:00 
Greg Pateryn             1  0  1   0  5   1  3  2  0  0  0/0    13:53   0:00   0:03 
Jake Muzzin              0  1  1   0  0   3  1  2  0  0  0/0    28:00   2:08   0:03 
Leon Draisaitl           0  0  0  -2  2   4  0  0  0  0  0/0    20:52   2:09   0:00 
Melker Karlsson          0  0  0   0  0   0  3  0  0  0  0/2    13:57   0:00   0:15 
Noah Hanifin             0  0  0   0  0   0  0  1  0  0  0/0    15:38   0:00   0:00 
P.K. Subban              0  0  0  -1  0   0  2  0  0  0  0/0    21:43   2:37   0:12 
Patrice Bergeron         0  1  1   1  0   7  0  1  0  0  12/24  16:28   0:00   0:15 
Ryan Spooner             0  0  0   0  0   0  1  0  0  0  0/0    12:07   0:00   0:00 
Seth Griffith            0  0  0  -1  0   0  0  0  0  0  4/9     9:13   0:00   0:00 
Shea Weber               0  2  2   0  0   1  0  3  0  0  0/0    28:22   2:37   0:00 
Tomas Plekanec           0  0  0  -2  0   6  1  1  0  0  17/26  21:13   2:10   0:00 
Torey Krug               2  0  2  -1  0   2  0  1  0  0  0/0    20:33   2:08   0:12 

Players Stats for Canucks

Player Name              G  A  P  +/- PIM S  H  SB GA TA FO     MP     PP MP  PK MP  
------------------------------------------------------------------------------------
Adam Henrique            0  1  1   1  0   3  0  0  0  0  4/9    20:38   0:00   2:53 
Alex Pietrangelo         0  0  0   1  0   0  2  0  0  0  0/0    26:24   0:15   2:38 
Alexander Burmistrov     0  0  0   0  2   0  2  0  0  0  1/1    17:18   0:00   0:00 
Brent Burns              0  1  1   0  0   0  3  0  0  0  0/0    25:27   0:00   2:23 
Chris Kreider            0  0  0   0  0   1  0  0  0  0  0/0     6:34   0:00   0:00 
Cody Ceci                0  0  0   0  0   1  1  1  0  0  0/0    20:19   0:00   1:43 
Elias Lindholm           0  0  0   0  0   0  0  0  0  0  2/5     6:34   0:00   0:00 
Erik Karlsson            0  0  0   1  0   0  1  0  0  0  0/0    17:31   0:00   0:00 
Evander Kane             0  0  0   0  5   3  2  0  0  0  1/1    18:47   0:15   1:52 
Evgeny Kuznetsov         0  0  0   0  0   1  0  0  0  0  10/22  18:41   0:00   0:00 
Jimmy Hayes              0  0  0   0  5   0  0  0  0  0  0/0     5:44   0:00   0:00 
Jonas Brodin             0  0  0   0  0   1  0  1  0  0  0/0    21:39   0:00   2:46 
Logan Couture            0  2  2   1  0   4  0  0  0  0  11/24  20:41   0:00   1:52 
Matt Beleskey            1  0  1   0  4   5  3  0  0  0  0/0    14:23   0:00   0:00 
Mikkel Boedker           0  0  0   0  0   2  0  0  0  0  1/3    18:22   0:15   0:00 
Reilly Smith             2  0  2   1  0   4  2  1  0  0  0/0    18:31   0:00   2:53 
Robby Fabbri             0  1  1   0  0   0  0  0  0  0  9/18   15:16   0:15   0:00 
Simon Despres            0  0  0   0  2   3  2  0  0  0  0/0    16:57   0:15   0:00 

3 Stars

1 - Reilly Smith (VAN)
2 - Torey Krug (BOS)
3 - Andrew Ladd (BOS)

Power Play

Bruins - 1 on 4 Attempt(s) - 25.00%
Canucks - 0 on 1 Attempt(s) - 0.00%

Penalty Kill

Bruins - 1 on 1 Attempt(s) - 100.00% - Score 0 goal in Penalty Kill
Canucks - 3 on 4 Attempt(s) - 75.00% - Score 0 goal in Penalty Kill

Team Stat

Bruins - Hits : 18 - Faceoff Wins : 44 - Blocked Shots : 11 - Penalty Minutes : 12
Canucks - Hits : 18 - Faceoff Wins : 39 - Blocked Shots : 3 - Penalty Minutes : 18

Official

Referees : Frederick L'Ecuyer and Steve Kozari
Linesman : Mark Shewchyk and John Grandt

Game Notes

Evander Kane beats up Andrew Ladd at 19:46 of 1st period
Jimmy Hayes and Greg Pateryn fight to a draw at 2:15 of 2nd period

Finance

Level 1 -- Attendance: 6403 (98.51%) -- Ticket Income $576,270
Level 2 -- Attendance: 4743 (94.86%) -- Ticket Income $332,010
Level 3 -- Attendance: 3048 (87.09%) -- Ticket Income $143,256
Level 4 -- Attendance: 2866 (98.49%) -- Ticket Income $71,650
Luxury Box -- Attendance: 659 (65.90%) -- Ticket Income $164,750
Game was played at the Rogers Arena.
Total Attendance: 17719 (93.70%)
Total Ticket Income: $1,287,936
Other Income: $193,190
Total Income: $1,481,126

% Time on Ice - Bruins

Lines # - Real PCT - Wanted PCT - Time Play
Normal Forward
1 - 32% - 40% - 17:00
2 - 30% - 30% - 16:13
3 - 23% - 20% - 12:07
4 - 15% - 10% - 7:56
Normal Defense
1 - 38% - 40% - 20:27
2 - 29% - 30% - 15:18
3 - 29% - 20% - 15:36
4 - 4% - 10% - 1:55
PP Forward
1 - 46% - 60% - 2:10
2 - 54% - 40% - 2:35
PP Defense
1 - 55% - 60% - 2:37
2 - 45% - 40% - 2:08
PK Forward
1 - 100% - 60% - 0:15
2 - 0% - 40% - 0:00
PK Defense
1 - 20% - 60% - 0:03
2 - 80% - 40% - 0:12
PK3 Forward
1 - 0% - 60%
2 - 0% - 40%
PK3 Defense
1 - 0% - 60%
2 - 0% - 40%
44 Forward
1 - 74% - 60% - 1:17
2 - 26% - 40% - 0:27
44 Defense
1 - 54% - 60% - 0:56
2 - 46% - 40% - 0:48
Last Minute Offensive  - 0:00
Last Minute Defensive  - 0:00
Total
Forward - 60:00
Defense - 60:00

% Time on Ice - Canucks

Lines # - Real PCT - Wanted PCT - Time Play
Normal Forward
1 - 32% - 33% - 17:07
2 - 29% - 31% - 15:38
3 - 26% - 24% - 13:57
4 - 12% - 12% - 6:34
Normal Defense
1 - 33% - 34% - 17:31
2 - 32% - 33% - 17:02
3 - 30% - 28% - 15:47
4 - 6% - 5% - 2:56
PP Forward
1 - 100% - 57% - 0:15
2 - 0% - 43% - 0:00
PP Defense
1 - 0% - 53% - 0:00
2 - 100% - 47% - 0:15
PK Forward
1 - 61% - 55% - 2:53
2 - 39% - 45% - 1:52
PK Defense
1 - 55% - 50% - 2:38
2 - 45% - 50% - 2:07
PK3 Forward
1 - 0% - 52%
2 - 0% - 48%
PK3 Defense
1 - 0% - 51%
2 - 0% - 49%
44 Forward
1 - 74% - 55% - 1:17
2 - 26% - 45% - 0:27
44 Defense
1 - 55% - 52% - 0:57
2 - 45% - 48% - 0:47
Last Minute Offensive  - 0:00
Last Minute Defensive  - 0:00
Total
Forward - 60:00
Defense - 60:00

Play by Play

1st period


0:01 of 1st period - Brendan Gallagher wins face-off versus Evgeny Kuznetsov in neutral zone.
0:15 of 1st period - Off-side.
0:16 of 1st period - Patrice Bergeron wins face-off versus Logan Couture in neutral zone.
0:16 of 1st period - P.K. Subban is hit by Reilly Smith.
0:43 of 1st period - Icing by Torey Krug.
0:44 of 1st period - Alexander Burmistrov wins face-off versus Andrew Ladd in Bruins zone.
1:03 of 1st period - Shot by Patrice Bergeron.
1:03 of 1st period - Stopped by Henrik Lundqvist without a rebound.
1:04 of 1st period - Carl Soderberg wins face-off versus Elias Lindholm in Canucks zone.
2:23 of 1st period - Icing by Jake Muzzin.
2:24 of 1st period - Tomas Plekanec wins face-off versus Evgeny Kuznetsov in Bruins zone.
3:44 of 1st period - Connor Brown is hit by Cody Ceci and loses puck.
4:25 of 1st period - Shot by Patrice Bergeron.
4:25 of 1st period - Shot Misses the Net.
4:35 of 1st period - Shot by Andrew Ladd.
4:35 of 1st period - Stopped by Henrik Lundqvist with a rebound.
4:37 of 1st period - Shot by Patrice Bergeron.
4:37 of 1st period - Shot Misses the Net.
4:39 of 1st period - Shot by Patrice Bergeron.
4:39 of 1st period - Shot Misses the Net.
4:41 of 1st period - Shot by Greg Pateryn.
4:41 of 1st period - Goal by Greg Pateryn - Bruins : 1 - Canucks : 0.
4:42 of 1st period - Robby Fabbri wins face-off versus Carl Soderberg in neutral zone.
5:01 of 1st period - Off-side.
5:02 of 1st period - Seth Griffith wins face-off versus Evgeny Kuznetsov in neutral zone.
5:05 of 1st period - Jonas Brodin is hit by Anders Lee and loses puck.
5:37 of 1st period - Shot by Mikkel Boedker.
5:37 of 1st period - Shot Misses the Net.
5:39 of 1st period - Shot by Evander Kane.
5:39 of 1st period - Stopped by Carey Price without a rebound.
5:40 of 1st period - Tomas Plekanec wins face-off versus Robby Fabbri in Bruins zone.
6:21 of 1st period - Shot by Jake Muzzin.
6:21 of 1st period - Stopped by Henrik Lundqvist with a rebound.
6:33 of 1st period - Icing by Erik Karlsson.
6:34 of 1st period - Andrew Ladd wins face-off versus Robby Fabbri in Canucks zone.
6:54 of 1st period - Shot by Patrice Bergeron.
6:54 of 1st period - Stopped by Henrik Lundqvist without a rebound.
6:55 of 1st period - Logan Couture wins face-off versus Carl Soderberg in Canucks zone.
6:55 of 1st period - Logan Couture is hit by Melker Karlsson.
7:10 of 1st period - Reilly Smith is hit by P.K. Subban and loses puck.
7:56 of 1st period - Icing by Torey Krug.
7:57 of 1st period - Carl Soderberg wins face-off versus Elias Lindholm in Bruins zone.
8:22 of 1st period - Shot by Brendan Gallagher.
8:22 of 1st period - Shot Misses the Net.
8:24 of 1st period - Shot by Shea Weber.
8:24 of 1st period - Shot Misses the Net.
8:26 of 1st period - Shot by Brendan Gallagher.
8:26 of 1st period - Shot Misses the Net.
8:30 of 1st period - Shot by Tomas Plekanec.
8:30 of 1st period - Deflect By Leon Draisaitl.
8:30 of 1st period - Shot Misses the Net.
8:46 of 1st period - Shot by Tomas Plekanec.
8:46 of 1st period - Stopped by Henrik Lundqvist without a rebound.
8:47 of 1st period - Evgeny Kuznetsov wins face-off versus Patrice Bergeron in Canucks zone.
9:09 of 1st period - Shot by Evander Kane.
9:09 of 1st period - Stopped by Carey Price with a rebound.
9:19 of 1st period - Shot by Patrice Bergeron.
9:19 of 1st period - Stopped by Henrik Lundqvist without a rebound.
9:20 of 1st period - Seth Griffith wins face-off versus Logan Couture in Canucks zone.
9:41 of 1st period - Shot by Seth Griffith.
9:41 of 1st period - Shot Misses the Net.
9:51 of 1st period - Shot by Adam Henrique.
9:51 of 1st period - Shot Blocked by Shea Weber.
10:01 of 1st period - Shot by Reilly Smith.
10:01 of 1st period - Stopped by Carey Price without a rebound.
10:02 of 1st period - Tomas Plekanec wins face-off versus Evgeny Kuznetsov in Bruins zone.
10:20 of 1st period - Shot by Tomas Plekanec.
10:20 of 1st period - Stopped by Henrik Lundqvist without a rebound.
10:21 of 1st period - Robby Fabbri wins face-off versus Patrice Bergeron in Canucks zone.
10:38 of 1st period - Shot by Matt Beleskey.
10:38 of 1st period - Shot Misses the Net.
11:02 of 1st period - Corey Perry is hit by Matt Beleskey and loses puck.
11:21 of 1st period - Shot by Mikkel Boedker.
11:21 of 1st period - Stopped by Carey Price without a rebound.
11:22 of 1st period - Tomas Plekanec wins face-off versus Logan Couture in Bruins zone.
11:22 of 1st period - Tomas Plekanec is hit by Reilly Smith.
11:34 of 1st period - Off-side.
11:35 of 1st period - Carl Soderberg wins face-off versus Evgeny Kuznetsov in neutral zone.
11:41 of 1st period - Carl Soderberg is hit by Alex Pietrangelo and loses puck.
11:46 of 1st period - Shot by Melker Karlsson.
11:46 of 1st period - Shot Misses the Net.
13:09 of 1st period - Shot by Logan Couture.
13:09 of 1st period - Stopped by Carey Price without a rebound.
13:10 of 1st period - Robby Fabbri wins face-off versus Patrice Bergeron in Bruins zone.
13:13 of 1st period - Shot by Matt Beleskey.
13:13 of 1st period - Stopped by Carey Price without a rebound.
13:14 of 1st period - Patrice Bergeron wins face-off versus Robby Fabbri in Bruins zone.
13:23 of 1st period - Icing by Matt Beleskey.
13:24 of 1st period - Robby Fabbri wins face-off versus Patrice Bergeron in Canucks zone.
13:29 of 1st period - Patrice Bergeron is hit by Alexander Burmistrov and loses puck.
13:43 of 1st period - Shot by Matt Beleskey.
13:43 of 1st period - Shot Misses the Net.
14:01 of 1st period - Shot by Corey Perry.
14:01 of 1st period - Shot Misses the Net.
14:07 of 1st period - Shot by Andrew Ladd.
14:07 of 1st period - Stopped by Henrik Lundqvist without a rebound.
14:08 of 1st period - Tomas Plekanec wins face-off versus Logan Couture in Canucks zone.
14:09 of 1st period - Shot by Leon Draisaitl.
14:09 of 1st period - Stopped by Henrik Lundqvist without a rebound.
14:10 of 1st period - Tomas Plekanec wins face-off versus Logan Couture in Canucks zone.
14:23 of 1st period - Shot by Logan Couture.
14:23 of 1st period - Stopped by Carey Price with a rebound.
14:25 of 1st period - Shot by Simon Despres.
14:25 of 1st period - Stopped by Carey Price without a rebound.
14:26 of 1st period - Evgeny Kuznetsov wins face-off versus Carl Soderberg in Bruins zone.
15:31 of 1st period - Shot by Reilly Smith.
15:31 of 1st period - Shot Misses the Net.
15:33 of 1st period - Shot by Adam Henrique.
15:33 of 1st period - Shot Misses the Net.
15:35 of 1st period - Shot by Reilly Smith.
15:35 of 1st period - Deflect By Adam Henrique.
15:35 of 1st period - Stopped by Carey Price without a rebound.
15:36 of 1st period - Tomas Plekanec wins face-off versus Robby Fabbri in Bruins zone.
15:45 of 1st period - Shot by Brendan Gallagher.
15:45 of 1st period - Stopped by Henrik Lundqvist with a rebound.
16:30 of 1st period - Icing by Alex Pietrangelo.
16:31 of 1st period - Logan Couture wins face-off versus Patrice Bergeron in Canucks zone.
17:23 of 1st period - Icing by Torey Krug.
17:24 of 1st period - Patrice Bergeron wins face-off versus Evgeny Kuznetsov in Bruins zone.
18:08 of 1st period - Icing by Seth Griffith.
18:09 of 1st period - Elias Lindholm wins face-off versus Seth Griffith in Bruins zone.
18:10 of 1st period - Shot by Jimmy Hayes.
18:10 of 1st period - Shot Misses the Net.
18:12 of 1st period - Shot by Chris Kreider.
18:12 of 1st period - Deflect By Jimmy Hayes.
18:12 of 1st period - Shot Misses the Net.
19:39 of 1st period - Shot by Reilly Smith.
19:39 of 1st period - Goal by Reilly Smith - Bruins : 1 - Canucks : 1.
19:40 of 1st period - Evgeny Kuznetsov wins face-off versus Patrice Bergeron in neutral zone.
19:42 of 1st period - Brent Burns is hit by Andrew Ladd and loses puck.
19:46 of 1st period - Evander Kane beats up Andrew Ladd.
19:46 of 1st period - Penalty to Evander Kane for Fighting.
19:46 of 1st period - Penalty to Andrew Ladd for Fighting.
19:47 of 1st period - Evgeny Kuznetsov wins face-off versus Patrice Bergeron in Bruins zone.
Goals for this period are 1 for Bruins vs 1 for Canucks.
Shots for this period are 11 for Bruins vs 10 for Canucks.

2nd period


0:01 of 2nd period - Tomas Plekanec wins face-off versus Robby Fabbri in neutral zone.
0:08 of 2nd period - Shot by Tomas Plekanec.
0:08 of 2nd period - Stopped by Henrik Lundqvist without a rebound.
0:09 of 2nd period - Logan Couture wins face-off versus Tomas Plekanec in Canucks zone.
0:11 of 2nd period - Icing by Adam Henrique.
0:12 of 2nd period - Logan Couture wins face-off versus Tomas Plekanec in Canucks zone.
1:26 of 2nd period - Icing by Alex Pietrangelo.
1:27 of 2nd period - Evgeny Kuznetsov wins face-off versus Patrice Bergeron in Canucks zone.
1:42 of 2nd period - Shot by Mikkel Boedker.
1:42 of 2nd period - Stopped by Carey Price without a rebound.
1:43 of 2nd period - Elias Lindholm wins face-off versus Seth Griffith in Bruins zone.
1:52 of 2nd period - Shot by Chris Kreider.
1:52 of 2nd period - Shot Misses the Net.
1:54 of 2nd period - Shot by Chris Kreider.
1:54 of 2nd period - Shot Misses the Net.
1:56 of 2nd period - Shot by Cody Ceci.
1:56 of 2nd period - Shot Misses the Net.
1:58 of 2nd period - Shot by Simon Despres.
1:58 of 2nd period - Shot Blocked by Greg Pateryn.
2:15 of 2nd period - Jimmy Hayes and Greg Pateryn fight to a draw.
2:15 of 2nd period - Penalty to Jimmy Hayes for Fighting.
2:15 of 2nd period - Penalty to Greg Pateryn for Fighting.
2:16 of 2nd period - Robby Fabbri wins face-off versus Patrice Bergeron in Bruins zone.
2:19 of 2nd period - Shot by Matt Beleskey.
2:19 of 2nd period - Stopped by Carey Price with a rebound.
2:29 of 2nd period - Shot by Erik Karlsson.
2:29 of 2nd period - Shot Misses the Net.
2:31 of 2nd period - Shot by Matt Beleskey.
2:31 of 2nd period - Stopped by Carey Price without a rebound.
2:32 of 2nd period - Carl Soderberg wins face-off versus Evgeny Kuznetsov in Bruins zone.
2:39 of 2nd period - Evgeny Kuznetsov is hit by Melker Karlsson.
3:15 of 2nd period - Shot by Carl Soderberg.
3:15 of 2nd period - Stopped by Henrik Lundqvist without a rebound.
3:16 of 2nd period - Tomas Plekanec wins face-off versus Adam Henrique in Canucks zone.
3:30 of 2nd period - Shot by Reilly Smith.
3:30 of 2nd period - Stopped by Carey Price without a rebound.
3:31 of 2nd period - Patrice Bergeron wins face-off versus Elias Lindholm in Bruins zone.
3:38 of 2nd period - Shot by Patrice Bergeron.
3:38 of 2nd period - Stopped by Henrik Lundqvist without a rebound.
3:39 of 2nd period - Logan Couture wins face-off versus Patrice Bergeron in Canucks zone.
4:26 of 2nd period - Icing by P.K. Subban.
4:27 of 2nd period - Patrice Bergeron wins face-off versus Robby Fabbri in Bruins zone.
4:50 of 2nd period - Shot by Alexander Burmistrov.
4:50 of 2nd period - Shot Misses the Net.
4:54 of 2nd period - Shot by Alexander Burmistrov.
4:54 of 2nd period - Shot Misses the Net.
4:56 of 2nd period - Shot by Alexander Burmistrov.
4:56 of 2nd period - Deflect By Matt Beleskey.
4:56 of 2nd period - Shot Misses the Net.
4:58 of 2nd period - Shot by Jonas Brodin.
4:58 of 2nd period - Shot Blocked by Shea Weber.
5:32 of 2nd period - Shea Weber is hit by Evander Kane and loses puck.
6:06 of 2nd period - Shot by Connor Brown.
6:06 of 2nd period - Shot Misses the Net.
6:49 of 2nd period - Andrew Ladd is hit by Erik Karlsson and loses puck.
7:27 of 2nd period - Brent Burns is hit by Greg Pateryn and loses puck.
7:53 of 2nd period - Icing by Greg Pateryn.
7:54 of 2nd period - Tomas Plekanec wins face-off versus Evgeny Kuznetsov in Bruins zone.
7:56 of 2nd period - Leon Draisaitl is hit by Evander Kane and loses puck.
8:02 of 2nd period - Minor Penalty to Simon Despres for Holding.
8:03 of 2nd period - Adam Henrique wins face-off versus Carl Soderberg in Canucks zone.
8:12 of 2nd period - Off-side.
8:13 of 2nd period - Brendan Gallagher wins face-off versus Adam Henrique in neutral zone.
8:17 of 2nd period - Minor Penalty to Leon Draisaitl for High sticking.
8:18 of 2nd period - Logan Couture wins face-off versus Seth Griffith in Bruins zone.
9:32 of 2nd period - Shot by Andrew Ladd.
9:32 of 2nd period - Goal by Andrew Ladd - Bruins : 2 - Canucks : 1.
9:33 of 2nd period - Robby Fabbri wins face-off versus Seth Griffith in neutral zone.
9:35 of 2nd period - Off-side.
9:36 of 2nd period - Robby Fabbri wins face-off versus Carl Soderberg in neutral zone.
9:41 of 2nd period - Shot by Matt Beleskey.
9:41 of 2nd period - Goal by Matt Beleskey - Bruins : 2 - Canucks : 2.
9:42 of 2nd period - Seth Griffith wins face-off versus Logan Couture in neutral zone.
10:21 of 2nd period - Shot by Robby Fabbri.
10:21 of 2nd period - Shot Misses the Net.
10:26 of 2nd period - Leon Draisaitl is hit by Alex Pietrangelo and loses puck.
10:29 of 2nd period - Shot by Leon Draisaitl.
10:29 of 2nd period - Stopped by Henrik Lundqvist without a rebound.
10:30 of 2nd period - Patrice Bergeron wins face-off versus Evgeny Kuznetsov in Canucks zone.
10:30 of 2nd period - P.K. Subban is hit by Brent Burns.
10:46 of 2nd period - Brent Burns is hit by Andrew Ladd and loses puck.
11:13 of 2nd period - Shot by Evander Kane.
11:13 of 2nd period - Shot Misses the Net.
11:44 of 2nd period - Icing by Torey Krug.
11:45 of 2nd period - Patrice Bergeron wins face-off versus Logan Couture in Bruins zone.
12:08 of 2nd period - Shot by Reilly Smith.
12:08 of 2nd period - Shot Misses the Net.
12:22 of 2nd period - Shot by Adam Henrique.
12:22 of 2nd period - Shot Misses the Net.
12:26 of 2nd period - Shot by Adam Henrique.
12:26 of 2nd period - Shot Misses the Net.
12:28 of 2nd period - Shot by Simon Despres.
12:28 of 2nd period - Stopped by Carey Price with a rebound.
12:59 of 2nd period - Alex Pietrangelo is hit by Ryan Spooner and loses puck.
13:52 of 2nd period - Shot by Connor Brown.
13:52 of 2nd period - Stopped by Henrik Lundqvist without a rebound.
13:53 of 2nd period - Tomas Plekanec wins face-off versus Logan Couture in Canucks zone.
14:09 of 2nd period - Brendan Gallagher is hit by Simon Despres and loses puck.
14:15 of 2nd period - Icing by Simon Despres.
14:16 of 2nd period - Patrice Bergeron wins face-off versus Logan Couture in Canucks zone.
14:21 of 2nd period - Shot by Andrew Ladd.
14:21 of 2nd period - Deflect By Patrice Bergeron.
14:21 of 2nd period - Stopped by Henrik Lundqvist without a rebound.
14:22 of 2nd period - Patrice Bergeron wins face-off versus Mikkel Boedker in Canucks zone.
14:22 of 2nd period - Shea Weber is hit by Brent Burns.
14:43 of 2nd period - Icing by Jake Muzzin.
14:44 of 2nd period - Patrice Bergeron wins face-off versus Logan Couture in Bruins zone.
14:58 of 2nd period - Shot by Patrice Bergeron.
14:58 of 2nd period - Stopped by Henrik Lundqvist without a rebound.
14:59 of 2nd period - Tomas Plekanec wins face-off versus Evgeny Kuznetsov in Canucks zone.
14:59 of 2nd period - P.K. Subban is hit by Simon Despres and loses puck.
15:20 of 2nd period - Shot by Evgeny Kuznetsov.
15:20 of 2nd period - Shot Misses the Net.
17:17 of 2nd period - Shot by Carl Soderberg.
17:17 of 2nd period - Shot Misses the Net.
17:19 of 2nd period - Shot by Carl Soderberg.
17:19 of 2nd period - Stopped by Henrik Lundqvist without a rebound.
17:20 of 2nd period - Evgeny Kuznetsov wins face-off versus Seth Griffith in Canucks zone.
17:22 of 2nd period - Evander Kane is hit by Anders Lee and loses puck.
18:31 of 2nd period - Shot by Tomas Plekanec.
18:31 of 2nd period - Shot Misses the Net.
18:47 of 2nd period - Shot by Leon Draisaitl.
18:47 of 2nd period - Deflect By Brendan Gallagher.
18:47 of 2nd period - Stopped by Henrik Lundqvist without a rebound.
18:48 of 2nd period - Logan Couture wins face-off versus Carl Soderberg in Canucks zone.
19:11 of 2nd period - Shot by Logan Couture.
19:11 of 2nd period - Shot Blocked by Jake Muzzin.
19:13 of 2nd period - Shot by Adam Henrique.
19:13 of 2nd period - Stopped by Carey Price with a rebound.
19:15 of 2nd period - Shot by Simon Despres.
19:15 of 2nd period - Stopped by Carey Price with a rebound.
Goals for this period are 1 for Bruins vs 1 for Canucks.
Shots for this period are 10 for Bruins vs 8 for Canucks.

3rd period


0:01 of 3rd period - Tomas Plekanec wins face-off versus Evgeny Kuznetsov in neutral zone.
0:04 of 3rd period - Evander Kane is hit by Tomas Plekanec and loses puck.
0:41 of 3rd period - Icing by Alex Pietrangelo.
0:42 of 3rd period - Evgeny Kuznetsov wins face-off versus Patrice Bergeron in Canucks zone.
1:15 of 3rd period - Shot by Patrice Bergeron.
1:15 of 3rd period - Shot Misses the Net.
1:25 of 3rd period - Shot by Patrice Bergeron.
1:25 of 3rd period - Stopped by Henrik Lundqvist with a rebound.
1:28 of 3rd period - Icing by Brent Burns.
1:29 of 3rd period - Tomas Plekanec wins face-off versus Evgeny Kuznetsov in Canucks zone.
1:58 of 3rd period - Shot by Tomas Plekanec.
1:58 of 3rd period - Stopped by Henrik Lundqvist without a rebound.
1:59 of 3rd period - Robby Fabbri wins face-off versus Carl Soderberg in Canucks zone.
2:30 of 3rd period - Shot by Carl Soderberg.
2:30 of 3rd period - Stopped by Henrik Lundqvist without a rebound.
2:31 of 3rd period - Logan Couture wins face-off versus Tomas Plekanec in Canucks zone.
2:48 of 3rd period - Shot by Tomas Plekanec.
2:48 of 3rd period - Deflect By Leon Draisaitl.
2:48 of 3rd period - Shot Misses the Net.
3:00 of 3rd period - Shot by Brendan Gallagher.
3:00 of 3rd period - Shot Misses the Net.
3:02 of 3rd period - Shot by Brendan Gallagher.
3:02 of 3rd period - Shot Misses the Net.
3:58 of 3rd period - Shot by Chris Kreider.
3:58 of 3rd period - Stopped by Carey Price without a rebound.
3:59 of 3rd period - Carl Soderberg wins face-off versus Robby Fabbri in Bruins zone.
3:59 of 3rd period - Carl Soderberg is hit by Matt Beleskey.
4:13 of 3rd period - Cody Ceci is hit by Greg Pateryn and loses puck.
4:15 of 3rd period - Double Minor Penalty to Matt Beleskey for Boarding.
4:16 of 3rd period - Carl Soderberg wins face-off versus Adam Henrique in Canucks zone.
4:32 of 3rd period - Shot by Corey Perry.
4:32 of 3rd period - Stopped by Henrik Lundqvist without a rebound.
4:33 of 3rd period - Corey Perry wins face-off versus Adam Henrique in Canucks zone.
4:50 of 3rd period - Shot by Torey Krug.
4:50 of 3rd period - Shot Blocked by Reilly Smith.
5:04 of 3rd period - Shot by Corey Perry.
5:04 of 3rd period - Shot Misses the Net.
5:38 of 3rd period - Shot by Tomas Plekanec.
5:38 of 3rd period - Shot Hit the Post.
5:40 of 3rd period - Shot by Leon Draisaitl.
5:40 of 3rd period - Stopped by Henrik Lundqvist without a rebound.
5:41 of 3rd period - Evander Kane wins face-off versus Tomas Plekanec in Canucks zone.
6:20 of 3rd period - Shot by Andrew Ladd.
6:20 of 3rd period - Deflect By Corey Perry.
6:20 of 3rd period - Shot Misses the Net.
6:22 of 3rd period - Shot by Jake Muzzin.
6:22 of 3rd period - Stopped by Henrik Lundqvist without a rebound.
6:23 of 3rd period - Carl Soderberg wins face-off versus Logan Couture in Canucks zone.
6:44 of 3rd period - Shot by Jake Muzzin.
6:44 of 3rd period - Shot Blocked by Jonas Brodin.
6:46 of 3rd period - Shot by Torey Krug.
6:46 of 3rd period - Goal by Torey Krug - Bruins : 3 - Canucks : 2.
6:47 of 3rd period - Seth Griffith wins face-off versus Robby Fabbri in neutral zone.
7:14 of 3rd period - Shot by Matt Beleskey.
7:14 of 3rd period - Shot Misses the Net.
7:31 of 3rd period - Noah Hanifin is hit by Matt Beleskey.
7:32 of 3rd period - Minor Penalty to Alexander Burmistrov for Roughing.
7:33 of 3rd period - Adam Henrique wins face-off versus Tomas Plekanec in Canucks zone.
9:51 of 3rd period - Greg Pateryn is hit by Alexander Burmistrov and loses puck.
10:10 of 3rd period - Shot by Connor Brown.
10:10 of 3rd period - Stopped by Henrik Lundqvist without a rebound.
10:11 of 3rd period - Mikkel Boedker wins face-off versus Carl Soderberg in Canucks zone.
10:20 of 3rd period - Shot by Evander Kane.
10:20 of 3rd period - Stopped by Carey Price without a rebound.
10:21 of 3rd period - Logan Couture wins face-off versus Tomas Plekanec in Bruins zone.
10:21 of 3rd period - Reilly Smith is hit by P.K. Subban and loses puck.
10:30 of 3rd period - Shot by Reilly Smith.
10:30 of 3rd period - Goal by Reilly Smith - Bruins : 3 - Canucks : 3.
10:31 of 3rd period - Evgeny Kuznetsov wins face-off versus Patrice Bergeron in neutral zone.
10:31 of 3rd period - Evgeny Kuznetsov is hit by Andrew Ladd.
12:02 of 3rd period - Shot by Logan Couture.
12:02 of 3rd period - Shot Misses the Net.
12:06 of 3rd period - Shot by Reilly Smith.
12:06 of 3rd period - Deflect By Logan Couture.
12:06 of 3rd period - Shot Blocked by Torey Krug.
12:08 of 3rd period - Shot by Adam Henrique.
12:08 of 3rd period - Shot Misses the Net.
12:38 of 3rd period - Shot by Robby Fabbri.
12:38 of 3rd period - Shot Misses the Net.
12:40 of 3rd period - Shot by Matt Beleskey.
12:40 of 3rd period - Stopped by Carey Price with a rebound.
13:34 of 3rd period - Chris Kreider is hit by Greg Pateryn and loses puck.
13:41 of 3rd period - Shot by Chris Kreider.
13:41 of 3rd period - Shot Blocked by Greg Pateryn.
13:43 of 3rd period - Shot by Jonas Brodin.
13:43 of 3rd period - Stopped by Carey Price with a rebound.
13:50 of 3rd period - Carl Soderberg is hit by Brent Burns and loses puck.
13:58 of 3rd period - Icing by Greg Pateryn.
13:59 of 3rd period - Logan Couture wins face-off versus Carl Soderberg in Bruins zone.
14:04 of 3rd period - Shot by Logan Couture.
14:04 of 3rd period - Stopped by Carey Price with a rebound.
14:31 of 3rd period - Shot by Logan Couture.
14:31 of 3rd period - Shot Blocked by Noah Hanifin.
14:35 of 3rd period - Shot by Logan Couture.
14:35 of 3rd period - Stopped by Carey Price with a rebound.
14:59 of 3rd period - Cody Ceci is hit by Melker Karlsson and loses puck.
15:24 of 3rd period - Shot by Leon Draisaitl.
15:24 of 3rd period - Shot Blocked by Cody Ceci.
15:38 of 3rd period - Shot by Brendan Gallagher.
15:38 of 3rd period - Shot Misses the Net.
15:40 of 3rd period - Shot by Jake Muzzin.
15:40 of 3rd period - Stopped by Henrik Lundqvist without a rebound.
15:41 of 3rd period - Patrice Bergeron wins face-off versus Robby Fabbri in Canucks zone.
16:46 of 3rd period - Shot by Connor Brown.
16:46 of 3rd period - Shot Misses the Net.
16:50 of 3rd period - Shot by Shea Weber.
16:50 of 3rd period - Stopped by Henrik Lundqvist with a rebound.
17:12 of 3rd period - Shot by Anders Lee.
17:12 of 3rd period - Stopped by Henrik Lundqvist without a rebound.
17:13 of 3rd period - Tomas Plekanec wins face-off versus Logan Couture in Canucks zone.
17:22 of 3rd period - Shot by Leon Draisaitl.
17:22 of 3rd period - Stopped by Henrik Lundqvist without a rebound.
17:23 of 3rd period - Tomas Plekanec wins face-off versus Mikkel Boedker in Canucks zone.
17:30 of 3rd period - Shot by Tomas Plekanec.
17:30 of 3rd period - Stopped by Henrik Lundqvist without a rebound.
17:31 of 3rd period - Logan Couture wins face-off versus Tomas Plekanec in Canucks zone.
17:40 of 3rd period - Icing by P.K. Subban.
17:41 of 3rd period - Evgeny Kuznetsov wins face-off versus Tomas Plekanec in Bruins zone.
17:52 of 3rd period - Shot by Evgeny Kuznetsov.
17:52 of 3rd period - Stopped by Carey Price without a rebound.
17:53 of 3rd period - Patrice Bergeron wins face-off versus Logan Couture in Bruins zone.
18:14 of 3rd period - Shot by Reilly Smith.
18:14 of 3rd period - Shot Blocked by Patrice Bergeron.
18:28 of 3rd period - Shot by Adam Henrique.
18:28 of 3rd period - Shot Misses the Net.
18:30 of 3rd period - Shot by Simon Despres.
18:30 of 3rd period - Shot Misses the Net.
18:32 of 3rd period - Shot by Adam Henrique.
18:32 of 3rd period - Stopped by Carey Price with a rebound.
18:34 of 3rd period - Shot by Logan Couture.
18:34 of 3rd period - Shot Blocked by Jake Muzzin.
18:52 of 3rd period - Shot by Evander Kane.
18:52 of 3rd period - Shot Misses the Net.
19:11 of 3rd period - Evander Kane is hit by Jake Muzzin and loses puck.
19:40 of 3rd period - Robby Fabbri is hit by Andrew Ladd and loses puck.
Goals for this period are 1 for Bruins vs 1 for Canucks.
Shots for this period are 13 for Bruins vs 9 for Canucks.

Overtime #1


0:01 of 1st overtime period - Tomas Plekanec wins face-off versus Adam Henrique in neutral zone.
0:16 of 1st overtime period - Shot by Tomas Plekanec.
0:16 of 1st overtime period - Stopped by Henrik Lundqvist without a rebound.
0:17 of 1st overtime period - Adam Henrique wins face-off versus Melker Karlsson in Canucks zone.
0:17 of 1st overtime period - Adam Henrique is hit by Andrew Ladd.
0:36 of 1st overtime period - Shot by Adam Henrique.
0:36 of 1st overtime period - Shot Blocked by Shea Weber.
1:47 of 1st overtime period - Shot by Logan Couture.
1:47 of 1st overtime period - Shot Misses the Net.
1:49 of 1st overtime period - Shot by Cody Ceci.
1:49 of 1st overtime period - Shot Blocked by Tomas Plekanec.
1:51 of 1st overtime period - Shot by Cody Ceci.
1:51 of 1st overtime period - Stopped by Carey Price without a rebound.
1:52 of 1st overtime period - Robby Fabbri wins face-off versus Andrew Ladd in Bruins zone.
2:41 of 1st overtime period - Icing by Simon Despres.
2:42 of 1st overtime period - Adam Henrique wins face-off versus Tomas Plekanec in Canucks zone.
2:53 of 1st overtime period - Shot by Adam Henrique.
2:53 of 1st overtime period - Shot Misses the Net.
3:41 of 1st overtime period - Shot by Andrew Ladd.
3:41 of 1st overtime period - Stopped by Henrik Lundqvist without a rebound.
3:42 of 1st overtime period - Evgeny Kuznetsov wins face-off versus Melker Karlsson in Canucks zone.
4:02 of 1st overtime period - Shot by Corey Perry.
4:02 of 1st overtime period - Shot Misses the Net.
4:04 of 1st overtime period - Shot by Torey Krug.
4:04 of 1st overtime period - Goal by Torey Krug - Bruins : 4 - Canucks : 3.
Goals for this period are 1 for Bruins vs 0 for Canucks.
Shots for this period are 3 for Bruins vs 1 for Canucks.